 Dungeon Crawl Stone Soup version 0.29-a0-1043-g569b05d6ff (webtiles) character file.

Game seed: 8199935562502699757

4887 nickcage the Impaler (level 10, -1/73 HPs)
             Began as a Merfolk Gladiator on Aug 15, 2022.
             Was a Believer of Qazlal.
             Killed by divine providence
             ... invoked by an orc priest
              (10 damage)
             ... on level 8 of the Dungeon.
             The game lasted 00:21:24 (10478 turns).

nickcage the Impaler (Merfolk Gladiator)           Turns: 10478, Time: 00:21:24

Health: -1/73      AC: 17    Str: 24    XL:     10   Next: 50%
Magic:  12/12      EV:  7    Int: 16    God:    Qazlal [**....]
Gold:   438        SH: 14    Dex: 16    Spells: 9/9 levels left

rFire   . . .      SeeInvis .   G - +2 spear (freeze)
rCold   . . .      Faith    .   I - +2 kite shield
rNeg    . . .      Spirit   .   p - +0 plate armour
rPois   .          Reflect  .   f - +2 helmet
rElec   .          Harm     .   z - +0 cloak "Alehodd" {Str+5 Int+3}
rCorr   .          Rampage  .   (no gloves)
Will    .....                   v - +1 pair of boots
Stlth   ..........              (no amulet)
HPRegen 0.22/turn               k - +6 ring of intelligence
MPRegen 0.13/turn               (no ring)

@: hasted, very quick
A: (nimble swimmer 2), mertail
a: Renounce Religion, Upheaval


You were on level 8 of the Dungeon.
You worshipped Qazlal.
Qazlal was pleased with you.
You visited 2 branches of the dungeon, and saw 9 of its levels.

You collected 466 gold pieces.
You spent 28 gold pieces at shops.

Inventory:

Hand Weapons
 a - a +0 trident
 u - the +4 war axe "Yta Uvog" {drain, rN+ Int+4}
   (You found it on level 4 of the Dungeon)

   A truly terrible weapon, it drains the life of any living foe it strikes.
   Int:       It affects your intelligence (+4).
   rN:        It protects you from negative energy.
 G - a +2 spear of freezing (weapon)
 H - a +0 halberd
Missiles
 d - 4 throwing nets
 e - 2 javelins
 n - 19 poisoned darts
 o - 3 curare-tipped darts (quivered)
Armour
 b - a +0 leather armour
 c - a +0 helmet
 f - a +2 helmet (worn)
 h - a +0 ring mail
 j - a +0 kite shield
 l - a +0 chain mail
 p - a +0 plate armour (worn)
 v - a +1 pair of boots (worn)
 z - the +0 cloak "Alehodd" (worn) {Str+5 Int+3}
   (You found it on level 4 of the Dungeon)

   Str:       It affects your strength (+5).
   Int:       It affects your intelligence (+3).
 I - a +2 kite shield (worn)
Jewellery
 k - a +6 ring of intelligence (left hand)
 q - a ring of ice
Wands
 w - a wand of paralysis (10)
 C - a wand of acid (9)
 K - a wand of flame (23)
 L - a wand of iceblast (8)
Scrolls
 i - 4 scrolls of blinking
 x - a scroll of silence
 y - 2 scrolls of poison
 B - 4 scrolls of teleportation
 D - 3 scrolls of identify
 E - a scroll of brand weapon {unknown}
 F - a scroll of amnesia {unknown}
Potions
 g - 2 potions of mutation
 m - 6 potions of curing
 r - 2 potions of magic
 s - 3 potions of haste
 t - 3 potions of resistance
 A - 3 potions of attraction {unknown}
 J - a potion of lignification {unknown}


   Skills:
 + Level 4.4 Fighting
 - Level 16.2 Polearms
 - Level 2.0 Throwing
 + Level 2.9 Armour
 * Level 6.3 Dodging
 + Level 3.6 Shields
 * Level 3.9 Invocations


You had 9 spell levels left.
You didn't know any spells.
Your spell library contained the following spells:

 Spells                   Type           Power      Damage    Failure   Level
 Ensorcelled Hibernation  Hex/Ice        0%         N/A       100%        2
 Conjure Flame            Conj/Fire      0%         6-21      100%        3
 Ignite Poison            Fire/Tmut/Pois 0%         N/A       100%        3
 Spider Form              Tmut/Pois      0%         N/A       100%        3
 Anguish                  Hex/Necr       0%         N/A       100%        4
 Sticky Flame             Conj/Fire      0%         2d3       100%        4
 Summon Lightning Spire   Summ/Air       0%         N/A       100%        4
 Conjure Ball Lightning   Conj/Air       0%         3x3d6     100%        6
 Death Channel            Necr           0%         N/A       100%        6
 Summon Cactus Giant      Summ           0%         N/A       100%        6
 Storm Form               Tmut/Air       0%         N/A       100%        7
 Maxwell's Capacitive Co  Air            0%         ∞         100%        8


Dungeon Overview and Level Annotations

Branches:
Dungeon (8/15)             Temple (1/1) D:5
   Lair: D:8-11

Altars:
Ashenzari
Cheibriados
Elyvilon
Fedhas
Gozag
Hepliaklqana
Kikubaaqudgha
Makhleb
Nemelex Xobeh
Okawaru
Qazlal
Ru
Sif Muna
Trog
Uskayaw
Vehumet
Wu Jian
Xom
Yredelemnul
Zin
The Shining One

Shops:
D:1 !   D:3 ?   D:7 (

Portals:
Abyss: D:7

Annotations:
D:7 2 transporters, SirDiesAlot's ghost, novice DsVM


Innate Abilities, Weirdness & Mutations

((You are very nimble when in or above water. (Stealth+, EV+, Speed+++)))
Your lower body shifts to a powerful aquatic tail in water.


Message History

The orc priest calls upon Beogh to heal the orc priest.
The orc priest is healed somewhat.
You hit the orc priest. You freeze the orc priest.
You kill the orc priest!
Qazlal accepts your kill.
You hit the orc priest but do no damage.
You block the orc's attack. The orc priest barely misses you.
You hit the orc priest. You freeze the orc priest.
The orc priest is lightly wounded.
You block the orc priest's attack. The orc hits you but does no damage.
The orc priest casts a cantrip, but nothing happens.
You hit the orc priest. You freeze the orc priest.
The orc priest is moderately wounded.
You puncture the orc priest! You freeze the orc priest.
You kill the orc priest!
Qazlal accepts your kill. The orc hits you but does no damage.
You barely miss the orc priest. You block the orc priest's attack. x2
You block the orc's attack.
You hit the orc priest. You freeze the orc priest.
The orc priest is moderately wounded.
You barely miss the orc priest.
The orc priest is moderately wounded.
The orc priest invokes the aid of Beogh against you.
Beogh smites you!
* * * LOW HITPOINT WARNING * * *
The orc priest hits you but does no damage.
You block the orc's attack.
You feel better.
The orc priest mumbles some strange prayers to Beogh against you.
Pain shoots through your body!
* * * LOW HITPOINT WARNING * * *
The orc priest hits you with a +0 whip.
* * * LOW HITPOINT WARNING * * *
You block the orc's attack.
You feel yourself speed up.
The orc priest hits you but does no damage.
The orc priest mumbles some strange prayers to Beogh against you.
Beogh smites you!
You die...

#..# #..#
##..## #.#
##.## #..#
##..#####..
#..###.##
#....##...
#......#
##.......#
#......#
##.....##
##......#
##...##
###.......##
#.....#
###..######.o##
#.......#
####).###
##@o###
#....##..##
#..)###
##o).#.....#
#...# #....##
#.).....##
#.... ###...#
#.).....##
##.... ####..##
#........#
#..... #.##...#
#.(.[....#
...#...
#.#..#..#
#......... ..
##.. ####...##
#......... .
##. ##..#
##........ ##


You could see 2 orc priests and an orc.

Vanquished Creatures
  Erica (D:8)
  Joseph (D:8)
  Maggie (D:8)
  A wyvern (D:7)
  Duvessa (D:6)
  4 black bears
  2 orc warriors
  An ice beast (D:8)
  A sky beast (D:7)
  2 centaurs (D:6)
  An ogre (D:5)
  A phantom (D:6)
  A kobold brigand (D:6)
  4 bullfrogs
  3 scorpions
  A wyvern zombie (D:7)
  2 necrophages
  Dowan (D:6)
  4 killer bees
  4 howler monkeys
  A bullfrog zombie (D:7)
  2 centaur zombies (D:7)
  5 hounds
  6 orc priests
  3 jellies
  Jessica (D:2)
  2 gnoll boudas
  2 orc wizards
  11 gnolls
  4 howler monkey zombies (D:7)
  12 adders
  2 white imps (D:7)
  3 ufetubi
  A worm (D:3)
  13 dart slugs
  45 orcs
  A bat (D:2)
  7 endoplasms
  A giant cockroach (D:3)
  6 goblins
  7 hobgoblins
  9 iguanas
  4 jackals (D:4)
  8 kobolds
  5 quokkas
  6 ball pythons
  3 frilled lizards (D:2)
  7 rats
214 creatures vanquished.

Vanquished Creatures (others)
  An orc wizard (D:7)
1 creature vanquished.

Grand Total: 215 creatures vanquished

Notes
Turn   | Place    | Note
-------+----------+-------------------------------------------
     0 | D:1      | nickcage the Merfolk Gladiator began the quest for the Orb.
     0 | D:1      | Reached XP level 1. HP: 16/16 MP: 1/1
    71 | D:1      | Reached XP level 2. HP: 3/22 MP: 2/2
   439 | D:1      | Found Koschev's Distillery.
   544 | D:1      | Reached skill level 5 in Polearms
   992 | D:1      | Found a faded altar of an unknown god.
  1143 | D:2      | Reached XP level 3. HP: 27/27 MP: 3/3
  1319 | D:2      | Noticed Jessica
  1330 | D:2      | Killed Jessica
  1331 | D:2      | Reached skill level 6 in Polearms
  1350 | D:2      | Reached XP level 4. HP: 30/33 MP: 4/4
  1412 | D:2      | Identified the +2 leather armour of Vlad {Str+7 Int-4
                  | Stlth+}
  1823 | D:3      | Found Jat Quri's Magic Scroll Emporium.
  1838 | D:3      | Bought a scroll of identify for 28 gold pieces
  1861 | D:3      | Reached skill level 7 in Polearms
  1984 | D:3      | Reached XP level 5. HP: 35/38 MP: 5/5
  2125 | D:3      | Found a shimmering altar of Xom.
  2236 | D:3      | Reached skill level 8 in Polearms
  2581 | D:4      | Reached XP level 6. HP: 25/44 MP: 6/6
  2861 | D:4      | Reached skill level 9 in Polearms
  2931 | D:4      | Identified the +4 war axe "Yta Uvog" {drain, rN+ Int+4}
  3413 | D:4      | Found an opulent altar of Gozag.
  3797 | D:4      | Identified the +0 cloak "Alehodd" {Str+5 Int+3}
  3961 | D:5      | Entered Level 5 of the Dungeon
  3967 | D:5      | Reached skill level 10 in Polearms
  3967 | D:5      | Reached XP level 7. HP: 45/50 MP: 7/7
  4197 | D:5      | Found an ancient bone altar of Kikubaaqudgha.
  4750 | D:5      | Reached skill level 11 in Polearms
  4936 | D:5      | Found a staircase to the Ecumenical Temple.
  4948 | Temple   | Entered the Ecumenical Temple
  5107 | Temple   | Became a worshipper of Qazlal Stormbringer
  6030 | D:6      | Found a snail-covered altar of Cheibriados.
  6031 | D:6      | Noticed Dowan
  6032 | D:6      | Noticed Duvessa
  6136 | D:6      | Reached skill level 12 in Polearms
  6136 | D:6      | Reached XP level 8. HP: 44/56 MP: 8/8
  6287 | D:6      | Identified the +1 robe "Synafoch" {rElec Dex+2 Archmagi}
  6564 | D:6      | Reached skill level 13 in Polearms
  6945 | D:6      | Reached skill level 14 in Polearms
  7424 | D:6      | Reached XP level 9. HP: 43/61 MP: 9/9
  7562 | D:6      | Reached skill level 15 in Polearms
  7565 | D:6      | Reached * piety under Qazlal
  7625 | D:6      | Killed Duvessa
  7641 | D:6      | Killed Dowan
  8124 | D:6      | Got Advanced Steps in Wizardry
  8440 | D:7      | Found a transporter.
  8492 | D:7      | Reached skill level 16 in Polearms
  8806 | D:7      | Found a one-way gate to the infinite horrors of the Abyss.
  8806 | D:7      | Noticed SirDiesAlot's ghost (novice DsVM)
  8840 | D:7      | Reached skill level 1 in Invocations
  8847 | D:7      | Reached skill level 1 in Armour
  8865 | D:7      | Reached skill level 1 in Shields
  9016 | D:7      | Found a basalt altar of Yredelemnul.
  9135 | D:7      | Found an ornate altar of the Wu Jian Council.
  9137 | D:7      | Found an iron altar of Okawaru.
  9211 | D:7      | Found a bloodstained altar of Trog.
  9345 | D:7      | Reached skill level 5 in Dodging
  9346 | D:7      | Found Afaecihi's Firing Range.
  9423 | D:7      | Reached XP level 10. HP: 59/70 MP: 11/11
  9449 | D:7      | Reached ** piety under Qazlal
  9467 | D:7      | Found a broken altar of Ashenzari.
  9657 | D:7      | Found a transporter.
  9838 | D:8      | Noticed Maggie
  9860 | D:8      | Killed Maggie
 10276 | D:8      | Noticed Joseph
 10293 | D:8      | Killed Joseph
 10433 | D:8      | Noticed Erica
 10447 | D:8      | Killed Erica
 10478 | D:8      | Killed from afar by an orc priest

Illustrated notes

Levels and vault maps discovered:
D:1:      lemuel_arrival_lava_pool, layout_rooms, serial_shops,
          nicolae_diamond_shop, hellmonk_ecumenical_altar_crossroads
D:2:      minmay_spotlight, layout_basic, uniq_jessica
D:3:      kennysheep_slugbush, layout_rooms, dk_xom_monty_hall, serial_shops,
          shop, guppyfry_early_orc_mine
D:4:      cheibrodos_pilgrimage, layout_basic, kennysheep_mini
D:5:      layout_layer_cave, lemuel_doored_altar,
          minmay_temple_entry_mini_moons, nrook_loot_triangle
D:6:      minmay_clustersquares, layout_loops_ring, mainiacjoe_overflow_paths,
          mrwooster_statue_mirror, uniq_duvessa
D:7:      layout_loops_corners, nicolae_yredelemnul_corpse_copse,
          mainiacjoe_overflow_24_doors, evilmike_ruin_ashenzari, minitemple,
          gammafunk_ghost_abyssal_escape, grunt_ministairs_6, chequers_jeans,
          hangedman_decor_lopped, nicolae_shop_firing_range
D:8:      layout_layer_cave, lemuel_tele_altar, uniq_maggie, uniq_joseph,
          uniq_erica
Temple:   hellmonk_temple_forest_ring

Skill      XL: |  1  2  3  4  5  6  7  8  9 10 |
---------------+-------------------------------+-----
Polearms       | 5 6 7 8 10 12 14 16 | 16.2
Invocations    | 2 3 |  3.9
Armour         | 2 |  2.9
Shields        | 1 3 |  3.6
Fighting       | 3 4 |  4.4
Dodging        | 5 6 |  6.3
Throwing       | |  2.0

Action                   |  1- 3 |  4- 6 |  7- 9 | 10-12 || total
-------------------------+-------+-------+-------+-------++-------
Melee: Trident           |   103 |   256 |    51 |       ||   410
       Spear             |       |       |   436 |   168 ||   604
Throw: Dart              |     1 |     1 |     1 |     7 ||    10
  Use: Scroll            |       |    11 |       |       ||    11
       Potion            |       |       |       |     3 ||     3
 Stab: Sleeping          |     1 |       |       |       ||     1
       Distracted        |       |       |       |     1 ||     1
Armor: Leather armour    |    10 |       |       |       ||    10
       Ring mail         |     5 |       |       |       ||     5
       Chain mail        |     8 |    59 |       |       ||    67
       Plate armour      |       |    48 |   154 |    35 ||   237
Dodge: Dodged            |    46 |    47 |    57 |     7 ||   157
Block: Kite shield       |       |    43 |   104 |    70 ||   217

Table legend: (Time is in decaauts)
 A = Elapsed time spent in this place.
 B = Non-inter-level travel time spent in this place.
 C = Inter-level travel time spent in this place.
 D = Time resting spent in this place.
 E = Time spent auto-exploring this place.
 F = Levels seen in this place.
 G = Mean time per level.
                   A        B        C        D        E       F      G
               +--------+--------+--------+--------+--------+-----+--------+
         Total |  10299 |  10035 |    264 |   1824 |   6540 |   9 | 1144.3 |
       Dungeon |  10124 |   9875 |    249 |   1824 |   6407 |   8 | 1265.5 |
        Temple |    174 |    159 |     15 |      0 |    133 |   1 |  174.0 |
               +--------+--------+--------+--------+--------+-----+--------+

Top non-repeatable levels by time:
     D:5: 2231 daAuts
     D:6: 1853 daAuts
     D:7: 1460 daAuts
     D:4: 1447 daAuts
     D:1: 1132 daAuts
     D:3: 727 daAuts
     D:2: 658 daAuts
     D:8: 613 daAuts
  Temple: 174 daAuts
